 Dungeon Crawl Stone Soup version 0.21.1-35-gfefc1aa2bb (webtiles) character file.

199 NoAnimeNoLife the Charlatan (level 5, -2/57 HPs)
             Began as a Demonspawn Artificer on July 31, 2018.
             Splashed by a goblin's acid (9 damage)
             ... on level 3 of the Dungeon.
             The game lasted 00:11:29 (2617 turns).

NoAnimeNoLife the Charlatan (Demonspawn Artificer)  Turns: 2617, Time: 00:11:29

Health: -2/57      AC: 19    Str: 13    XL:     5   Next: 48%
Magic:  7/7        EV:  2    Int: 13    God:
Gold:   185        SH:  0    Dex: 13    Spells: 4/4 levels left

rFire    . . .     SeeInvis .   x - +0 mace
rCold    . . .     Gourm    .   (no shield)
rNeg     + + +     Faith    .   (armour currently unavailable)
rPois    +         Spirit   .   (helmet currently unavailable)
rElec    .         Reflect  .   (cloak currently unavailable)
rCorr    .         Harm     .   (gloves currently unavailable)
MR       .....     NoTele   +   (boots currently unavailable)
Stlth    ++........             (no amulet)
HPRegen  0.19/turn              C - +1 ring of protection
MPRegen  0.10/turn              D - ring of flight

@: lethally poisoned (-2 -> -4), tree-form, corroded
A: demonic guardian 1
a: no special abilities


You were on level 3 of the Dungeon.
You were not hungry.
You were a tree.
You visited 1 branch of the dungeon, and saw 3 of its levels.

You collected 185 gold pieces.

Inventory:

Hand Weapons
 a - a +0 short sword
 w - a +0 whip
 x - a +0 mace (weapon)
Missiles
 E - 7 needles of sleeping
Armour
 b - a +0 leather armour
 h - a +0 ring mail
 B - a cursed +0 scale mail (melded)
Jewellery
 C - a +1 ring of protection (left branch)
 D - a ring of flight (right branch)
Wands
 c - a wand of flame (5)
 d - a wand of enslavement (12)
 e - a wand of random effects (46)
 y - a wand of digging (14)
 A - a wand of polymorph (17)
Scrolls
 g - a scroll of blinking
 i - a scroll of enchant weapon {unknown}
 j - 2 scrolls of fear
 k - a scroll of remove curse {unknown}
 l - a scroll of noise {unknown}
 m - a scroll of amnesia
 o - 2 scrolls of random uselessness
 p - 3 scrolls of fog
 q - a scroll of identify
 u - a scroll of immolation {unknown}
 v - 2 scrolls of teleportation {unknown}
Potions
 n - a potion of agility {unknown}
 r - a potion of curing {unknown}
 s - a potion of magic {unknown}
 t - 2 potions of lignification
 z - a potion of degeneration {unknown}
Comestibles
 f - 8 rations


   Skills:
 - Level 1.8 Fighting
 - Level 1.0 Short Blades
 + Level 3.2 Maces & Flails
 - Level 1.1 Armour
 - Level 2.3 Dodging
 - Level 1.6 Stealth
 - Level 3.5 Evocations


You had 4 spell levels left.
You didn't know any spells.

Dungeon Overview and Level Annotations

Branches:
Dungeon (3/15)

Altars:
Ashenzari
Dithmenos
Gozag
Ru
Trog
Yredelemnul


Innate Abilities, Weirdness & Mutations

((You have razor-sharp toenails.))
A weak demonic guardian rushes to your aid.
((Your movements are slightly less encumbered by armour. (ER -2)))


Message History

The adder is almost dead.
You feel sick. The adder barely misses you.
You barely miss the adder. Your kick misses the adder.
The adder is almost dead.
You feel sick. The adder bites you. The adder closely misses you.
You closely miss the adder. Your kick misses the adder.
The adder is almost dead.
The adder bites you. The goblin hits you but does no damage.
It was a potion of lignification.
You turn into a tree.
Your cursed +0 scale mail melds into your body.
Your roots penetrate the ground.
You feel sick. The adder bites you but does no damage.
The goblin hits you with a dagger.
* * * LOW HITPOINT WARNING * * *
The adder bites you but does no damage.
You barely miss the adder.
The adder is almost dead.
You feel sick.
The goblin zaps a wand.
The bolt of acid hits you!
* * * LOW HITPOINT WARNING * * *
The acid corrodes you!
You are splashed with acid!
The acid burns!
You die...

#........##....####.
###......##.........
###..............#
.....###.....##..#
.##..###........##
#..###.>....###
#...#....>..#
#...#.......# ..
#...S♣.###.## ### .
#...#g.....# #.. .
#.....#..##### #.# <
###..###.# #.# #
#..###.###########(# #
#..###.#...........###
#...............)..))(
#.# .#..>..........###
#...........##


You could see an adder and a goblin.

Vanquished Creatures
  Jessica (D:2)
  Terence (D:2)
  An orc wizard (D:3)
  Natasha (twice) (D:2)
  An adder (D:2)
  An ooze (D:1)
  2 dart slugs
  3 leopard geckos
  10 orcs (D:3)
  3 giant cockroaches
  6 goblins
  7 hobgoblins
  3 jackals (D:3)
  2 quokkas
  A ball python (D:3)
  10 bats
  5 frilled lizards
  A jackal skeleton (D:2)
  4 rats
  A spectral orc (D:3)
65 creatures vanquished.

Vanquished Creatures (collateral kills)
  2 kobolds (D:2)
2 creatures vanquished.

Vanquished Creatures (others)
  An orc (D:3)
1 creature vanquished.

Grand Total: 68 creatures vanquished

Notes
Turn   | Place    | Note
-------+----------+-------------------------------------------
     0 | D:1      | NoAnimeNoLife the Demonspawn Artificer began the quest for the Orb.
     0 | D:1      | Reached XP level 1. HP: 15/15 MP: 3/3
   136 | D:1      | Reached skill level 1 in Stealth
   167 | D:1      | Reached skill level 1 in Short Blades
   174 | D:1      | Gained mutation: Your movements are slightly less encumbered by armour. (ER -2) [demonic ancestry]
   174 | D:1      | Reached XP level 2. HP: 16/21 MP: 4/4
   746 | D:2      | Noticed Natasha
   762 | D:2      | Killed Natasha
   762 | D:2      | Reached skill level 1 in Armour
   762 | D:2      | Gained mutation: You have sharp toenails. [demonic ancestry]
   762 | D:2      | Reached XP level 3. HP: 7/27 MP: 5/5
  1061 | D:2      | Noticed Jessica
  1076 | D:2      | Your ally died
  1159 | D:2      | Found an opulent altar of Gozag.
  1173 | D:2      | Gained mutation: You have razor-sharp toenails. [demonic ancestry]
  1173 | D:2      | Reached XP level 4. HP: 27/33 MP: 6/6
  1352 | D:2      | Noticed Natasha
  1621 | D:2      | Found a bloodstained altar of Trog.
  1784 | D:2      | Noticed Terence
  1785 | D:2      | Killed Terence
  1785 | D:2      | Reached skill level 1 in Maces & Flails
  1790 | D:2      | Killed Natasha
  1958 | D:3      | Gained mutation: A weak demonic guardian rushes to your aid. [demonic ancestry]
  1958 | D:3      | Reached XP level 5. HP: 14/38 MP: 7/7
  2322 | D:3      | Found a shadowy altar of Dithmenos.
  2409 | D:3      | Found a basalt altar of Yredelemnul.
  2464 | D:3      | Found a sacrificial altar of Ru.
  2597 | D:3      | Found a shattered altar of Ashenzari.
  2617 | D:3      | Splashed by a goblin's acid

Skill      XL: |  1  2  3  4  5 |
---------------+----------------+-----
Stealth        | 1 |  1.6
Short Blades   | 1 |  1.0
Dodging        | 2 |  2.3
Armour         | 1 |  1.1
Maces & Flails | 2 3 |  3.2
Fighting       | |  1.8
Evocations     | |  3.5

Action                   |  1- 3 |  4- 6 || total
-------------------------+-------+-------++-------
Melee: Short sword       |   110 |       ||   110
       Kick              |     8 |    24 ||    32
       Mace              |       |   107 ||   107
Evoke: Wand              |     8 |    10 ||    18
  Use: Scroll            |     5 |     2 ||     7
       Potion            |       |     1 ||     1
 Stab: Sleeping          |     1 |       ||     1
  Eat: Chunk             |       |     6 ||     6
Armor: Ring mail         |    60 |    27 ||    87
       Scale mail        |       |    46 ||    46
       Skin              |       |     2 ||     2
Dodge: Dodged            |    83 |   135 ||   218
